 Dungeon Crawl Stone Soup version 0.30.1-11-g7821555f0a (webtiles) character file.

Game seed: 9462586019187371041

4370 Destapler the Grappler (level 10, -3/92 HPs)
             Began as a Troll Delver on Dec 25, 2023.
             Was a Priest of Wu Jian.
             Slain by a yak (5 damage)
             ... while petrified by a basilisk
             ... on level 8 of the Dungeon.
             The game lasted 00:18:00 (6929 turns).

Destapler the Grappler (Troll Delver)               Turns: 6929, Time: 00:18:01

Health: -3/92      AC:  7    Str: 22    XL:     10   Next: 13%
Magic:  9/9        EV:  1    Int:  6    God:    Wu Jian [***...]
Gold:   259        SH:  0    Dex: 15    Spells: 9/9 levels left

rFire   x .          .
                       - Unarmed
rCold   . . .        (no shield)
rNeg    + + +        a - +0 robe
rPois   ∞            (helmet restricted)
rElec   .            n - +0 cloak
rCorr   .            (gloves unavailable)
SInv    .            (boots unavailable)
Will    +....        (no amulet)
Stlth   ++           k - ring of positive energy
HPRegen 1.15/turn    p - ring of willpower
MPRegen 0.11/turn

%: no passive effects
@: petrified, flying, studying Invocations
A: large, unfitting armour, claws 3, regeneration 1, shaggy fur 1, tough skin 1,
iridescent scales 1, heat vulnerability 1
a: Renounce Religion, Wall Jump, Serpent's Lash


You were on level 8 of the Dungeon.
You worshipped Wu Jian.
Wu Jian was most pleased with you.
You visited 2 branches of the dungeon, and saw 9 of its levels.
You also visited: Ossuary.

You collected 259 gold pieces.

Inventory:

Missiles
 d - a throwing net
 i - 22 boomerangs (quivered)
 m - 7 atropa-tipped darts
Armour
 a - a +0 robe (worn)
 n - a +0 cloak (worn)
 K - the +0 robe of Unreason {rF+ Regen+ Str-4 Archmagi}
   (You found it on level 8 of the Dungeon)

   Str:       It affects your strength (-4).
   rF:        It protects you from fire.
   Regen:     It increases your rate of health regeneration.
   Archmagi:  It increases the power of your magical spells.
Jewellery
 k - a ring of positive energy (left claw)
 o - a ring of ice
 p - a ring of willpower (right claw)
 C - a ring of poison resistance
Wands
 f - a wand of digging (3)
 s - a wand of polymorph (8)
 y - a wand of roots (13)
 J - a wand of mindburst (5)
Scrolls
 b - a scroll of fog
 g - 6 scrolls of identify {unknown}
 h - 3 scrolls of enchant weapon {unknown}
 q - a scroll of vulnerability {unknown}
 r - 3 scrolls of blinking {unknown}
 t - a scroll of noise {unknown}
 v - a scroll of torment {unknown}
 x - 2 scrolls of amnesia {unknown}
 B - 2 scrolls of teleportation {unknown}
 E - 3 scrolls of silence {unknown}
 F - 4 scrolls of fear
 I - a scroll of enchant armour {unknown}
Potions
 c - a potion of resistance {unknown}
 e - 4 potions of haste
 j - a potion of degeneration
 l - 2 potions of curing
 u - a potion of might
 w - 2 potions of ambrosia {unknown}
 A - a potion of heal wounds
 D - 3 potions of mutation
 G - 3 potions of brilliance {unknown}
 H - a potion of invisibility {unknown}


   Skills:
 - Level 4.0 Fighting
 - Level 2.0 Armour
 - Level 4.0 Dodging
 - Level 2.7 Stealth
 + Level 13.0 Unarmed Combat
 - Level 2.0 Evocations


You had 9 spell levels left.
You didn't know any spells.
Your spell library contained the following spells:

 Spells                   Type           Power      Damage    Failure   Level
 Sting                    Tmut/Pois      0%         1d3       45%         1
 Poisonous Vapours        Pois/Air       0%         N/A       58%         2
 Olgreb's Toxic Radiance  Pois           0%         N/A       99%         4


Dungeon Overview and Level Annotations

Branches:
Dungeon (8/15)             Temple (1/1) D:5            Lair (0/5) D:8
Ossuary (visited)

Altars:
Ashenzari
Cheibriados
Dithmenos
Elyvilon
Fedhas
Gozag
Hepliaklqana
Kikubaaqudgha
Makhleb
Nemelex Xobeh
Okawaru
Qazlal
Ru
Sif Muna
Trog
Uskayaw
Vehumet
Wu Jian
Xom
Yredelemnul
Zin
The Shining One

Shops:
D:5 ?


Innate Abilities, Weirdness & Mutations

You are too large for most types of armour.
You have claws for hands.
Your natural rate of healing is unusually fast.
You are covered in fur. (AC +1)
You have tough skin. (AC +1)
You are partially covered in iridescent scales. (AC +2)
You are vulnerable to heat. (rF-)


Message History

Your limbs are stiffening.
It was a potion of flight.
You feel very buoyant.
You fly up into the air.
The yak gores you but does no damage. The yak gores you.
* * * LOW HITPOINT WARNING * * *
The water moccasin barely misses you.
You have turned to stone.
The water moccasin bites you.
* * * LOW HITPOINT WARNING * * *
The yak gores you.
* * * LOW HITPOINT WARNING * * *
The yak gores you but does no damage. The water moccasin bites you!
* * * LOW HITPOINT WARNING * * *
The yak gores you but does no damage. The yak gores you.
* * * LOW HITPOINT WARNING * * *
The water moccasin bites you.
* * * LOW HITPOINT WARNING * * *
The water moccasin bites you but does no damage.
The yak gores you. The yak gores you!
* * * LOW HITPOINT WARNING * * *
The water moccasin bites you.
* * * LOW HITPOINT WARNING * * *
The yak gores you.
* * * LOW HITPOINT WARNING * * *
The yak gores you!
* * * LOW HITPOINT WARNING * * *
The water moccasin barely misses you. The yak gores you!
* * * LOW HITPOINT WARNING * * *
The yak gores you.
* * * LOW HITPOINT WARNING * * *
The water moccasin bites you.
* * * LOW HITPOINT WARNING * * *
The water moccasin bites you.
* * * LOW HITPOINT WARNING * * *
The yak gores you but does no damage. The yak gores you!
* * * LOW HITPOINT WARNING * * *
The water moccasin barely misses you. The yak gores you!
You die...

.)...... .. ..P ..P....
........ ..###.. .......
........ ......#.. .......
........ ......... ....>..
...#..............♣.......
..###.........<...........
............#.............
#....###...##..##♣l......P
.......#...# #..@Ys.......
#..........###..SY†.......
#.....#.....#..##.........
.....###.......###..#...##
......##.#...### ##.##.##
......##......# ## ##
..............#
.##..........##
####.........#


You could see 2 yaks, a basilisk, a water moccasin and a scorpion.

Vanquished Creatures
  Prince Ribbit (D:6)
  A hornet (D:8)
  Grinder (D:6)
  A wyvern (D:8)
  A yak (D:8)
  Grum (D:8)
  2 water moccasins
  Duvessa (D:5)
  An ice beast (D:6)
  3 black bears
  An orc warrior (D:7)
  An ogre (D:7)
  A centaur (D:5)
  3 wolves (D:8)
  An elf zombie (Ossuary)
  A bullfrog (D:6)
  5 scorpions
  6 wights
  Dowan (D:5)
  2 howler monkeys (D:6)
  2 crimson imps (D:5)
  Crazy Yiuf (D:3)
  4 hounds
  A gnoll bouda (D:7)
  2 human zombies (Ossuary)
  2 orc priests
  A jelly (D:6)
  4 sleepcaps
  Jessica (D:3)
  5 orc wizards
  3 iguanas
  Natasha (thrice) (D:3)
  2 mummies (Ossuary)
  Robin (D:3)
  20 gnolls
  6 adders
  7 white imps
  4 adder zombies (Ossuary)
  2 worms (D:2)
  3 dart slugs
  34 orcs
  7 ball pythons
  7 bats
  6 endoplasms
  5 giant cockroaches
  16 goblins
  6 hobgoblins
  4 jackals (D:1)
  3 quokkas
  5 frilled lizards
  2 goblin zombies (Ossuary)
  9 hobgoblin zombies (Ossuary)
  A jackal zombie (Ossuary)
  4 kobolds
  7 kobold zombies (Ossuary)
  9 orc zombies (Ossuary)
  4 rats (D:1)
  2 rat zombies (Ossuary)
240 creatures vanquished.

Vanquished Creatures (others)
  An orc (D:8)
1 creature vanquished.

Grand Total: 241 creatures vanquished

Notes
Turn   | Place    | Note
-------+----------+-------------------------------------------
     0 | D:5      | Destapler the Troll Delver began the quest for the Orb.
     0 | D:5      | Reached XP level 1. HP: 22/22 MP: 0/0
    43 | D:4      | Found a blossoming altar of Fedhas.
   111 | D:3      | Noticed Robin
   145 | D:4      | Reached XP level 2. HP: 29/29 MP: 1/1
   177 | D:5      | Noticed a black bear
   261 | D:4      | Found a glowing golden altar of the Shining One.
   404 | D:3      | Reached XP level 3. HP: 36/36 MP: 2/2
   411 | D:3      | Reached skill level 1 in Armour
   527 | D:2      | Reached skill level 1 in Evocations
   527 | D:2      | Reached XP level 4. HP: 23/44 MP: 3/3
  1521 | D:2      | Found a faded altar of an unknown god.
  1749 | D:2      | Reached XP level 5. HP: 38/53 MP: 4/4
  1973 | D:3      | Reached skill level 3 in Unarmed Combat
  1980 | D:3      | Gained mutation: You are vulnerable to heat. (rF-) [potion
                  | of mutation]
  1980 | D:3      | Gained mutation: You are weak. (Str -2) [potion of
                  | mutation]
  1980 | D:3      | Gained mutation: You are partially covered in iridescent
                  | scales. (AC +2) [potion of mutation]
  1980 | D:3      | Lost mutation: You are weak. (Str -2) [potion of mutation]
  2133 | D:3      | Killed Robin
  2184 | D:3      | Noticed Jessica
  2191 | D:3      | Killed Jessica
  2222 | D:3      | Noticed Natasha
  2243 | D:3      | Killed Natasha
  2244 | D:3      | Reached XP level 6. HP: 11/61 MP: 5/5
  2427 | D:3      | Noticed Natasha
  2432 | D:3      | Killed Natasha
  2482 | D:3      | Found a shimmering blue altar of Sif Muna.
  2485 | D:3      | Found a shadowy altar of Dithmenos.
  2491 | D:3      | Found a broken altar of Ashenzari.
  2494 | D:3      | Found a white marble altar of Elyvilon.
  2496 | D:3      | Found a basalt altar of Yredelemnul.
  2501 | D:3      | Found an opulent altar of Gozag.
  2720 | D:3      | Found a runed translucent door.
  2721 | D:3      | Noticed Crazy Yiuf
  2789 | D:3      | Noticed Natasha
  2805 | D:3      | Killed Natasha
  2914 | D:3      | Killed Crazy Yiuf
  3315 | D:5      | Reached skill level 4 in Unarmed Combat
  3315 | D:5      | Reached XP level 7. HP: 63/68 MP: 6/6
  3468 | D:5      | Noticed Duvessa
  3475 | D:5      | Noticed Dowan
  3476 | D:5      | Killed Duvessa
  3477 | D:5      | Reached skill level 5 in Unarmed Combat
  3501 | D:5      | Killed Dowan
  3510 | D:5      | Reached skill level 6 in Unarmed Combat
  3527 | D:5      | Reached XP level 8. HP: 59/78 MP: 7/7
  3686 | D:5      | Found a staircase to the Ecumenical Temple.
  3761 | D:5      | Found a stormy altar of Qazlal.
  3875 | D:5      | Found a shimmering altar of Xom.
  4204 | D:5      | Noticed a +0 dagger
  4205 | D:5      | Noticed a +0 falchion
  4205 | D:5      | Noticed a +0 dagger
  4205 | D:5      | Noticed a +0 spear
  4205 | D:5      | Noticed a +0 falchion
  4205 | D:5      | Noticed a +0 short sword
  4205 | D:5      | Noticed a +0 short sword
  4206 | D:5      | Noticed a +0 spear
  4207 | D:5      | Found Vubat's Magic Scroll Shop.
  4282 | D:5      | Found a hide-covered altar of Uskayaw.
  4369 | D:5      | Reached skill level 7 in Unarmed Combat
  4670 | Temple   | Entered the Ecumenical Temple
  4916 | Temple   | Became a worshipper of the Wu Jian Council
  4985 | D:6      | Reached skill level 8 in Unarmed Combat
  5206 | D:6      | Noticed Prince Ribbit
  5218 | D:6      | Killed Prince Ribbit
  5219 | D:6      | Reached skill level 9 in Unarmed Combat
  5327 | D:6      | Noticed Grinder
  5339 | D:6      | Killed Grinder
  5396 | D:6      | Reached * piety under Wu Jian
  5397 | D:6      | Reached XP level 9. HP: 84/84 MP: 8/8
  5610 | D:7      | Reached skill level 10 in Unarmed Combat
  5624 | D:7      | Found a sand-covered staircase.
  5630 | Ossuary  | Entered an ossuary
  5698 | Ossuary  | Reached ** piety under Wu Jian
  6043 | D:7      | Reached skill level 11 in Unarmed Combat
  6268 | D:7      | Found a bloodstained altar of Trog.
  6489 | D:7      | Reached *** piety under Wu Jian
  6669 | D:8      | Noticed Grum
  6680 | D:8      | Reached skill level 12 in Unarmed Combat
  6722 | D:8      | Killed Grum
  6781 | D:8      | Identified the +0 robe of Unreason {rF+ Regen+ Str-4
                  | Archmagi}
  6799 | D:8      | Reached XP level 10. HP: 19/92 MP: 9/9
  6903 | D:8      | Found a staircase to the Lair.
  6911 | D:8      | Reached skill level 13 in Unarmed Combat
  6928 | D:8      | HP: 1/92 [yak (6)]
  6929 | D:8      | Slain by a yak

Illustrated notes

Levels and vault maps discovered:
D:1:      minmay_arrival_shoal_huts, layout_basic, minmay_misc_feat_square
D:2:      layout_basic, basic_ecumenical_altar, minmay_door_square,
          minmay_misc_feat_more_columns, glass_columns_a
D:3:      layout_loops_cross, nicolae_overflow_hallway_of_the_gods, hex_tiny,
          nicolae_elevator_lobby_plus, uniq_robin, uniq_crazy_yiuf_cottage,
          uniq_jessica, uniq_natasha
D:4:      layout_cave_pools, general_overflow_altar, fedhas_altar_fruit_tree
D:5:      minmay_inner_zag, layout_layer_cave, nicolae_uskayaw_en_pointe,
          led_xom_imps, lemuel_tele_altar, minmay_temple_entry_waves,
          serial_shops, shop, uniq_duvessa
D:6:      layout_basic, chequers_serial_rivers_micro_e, minmay_manual_mullet,
          uniq_grinder, uniq_prince_ribbit1
D:7:      layout_loops_ring, trog_ov_bears_minmay, nicolae_ossuary_entry_plus,
          minmay_misc_feat_room
D:8:      layout_cave_pools, minmay_lair_entry_grove,
          hangedman_decor_clover_reticule, minmay_stone_trees_small, uniq_grum
Temple:   dpeg_chambers_temple

Skill      XL: |  1  2  3  4  5  6  7  8  9 10 |
---------------+-------------------------------+-----
Dodging        | 2 3 4 |  4.0
Armour         | 1 2 |  2.0
Evocations     | 1 2 |  2.0
Fighting       | 3 4 |  4.0
Unarmed Combat | 3 4 6 9 12 13 | 13.0
Stealth        | |  2.7

Action                     |  1- 3 |  4- 6 |  7- 9 | 10-12 || total
---------------------------+-------+-------+-------+-------++-------
  Melee: Unarmed           |    37 |   227 |   432 |    10 ||   706
         Punch             |     1 |     4 |    25 |     2 ||    32
  Throw: Boomerang         |       |       |    10 |       ||    10
Ability: Lunge             |       |       |    39 |     2 ||    41
         Whirlwind         |       |       |    59 |     5 ||    64
    Use: Scroll            |     1 |       |     1 |       ||     2
         Potion            |       |     4 |     1 |     3 ||     8
   Stab: Sleeping          |     3 |     5 |     7 |       ||    15
 Armour: Robe              |    12 |   110 |    92 |    16 ||   230
  Dodge: Dodged            |    18 |   160 |   174 |     8 ||   360
